 Dungeon Crawl Stone Soup version 0.30-a0-166-g5d06c95188 (webtiles) character file.

Game seed: 10263568875610464746

13 Malachi the Conjurer (level 2, -2/21 (25) HPs)
             Began as a Draconian Reaver on Sept 29, 2022.
             Was a Follower of Wu Jian.
             Slain by a hobgoblin (4 damage)
             ... on level 1 of the Dungeon.
             The game lasted 00:01:07 (493 turns).

Malachi the Conjurer (Draconian Reaver)              Turns: 493, Time: 00:01:08

HP:   -2/21 (25)    AC:  4    Str: 14    XL:     2   Next: 24%
MP:   5/5           EV: 12    Int: 13    God:    Wu Jian [*.....]
Gold: 23            SH:  0    Dex:  9    Spells: 4/5 levels left

rFire   . . .      SeeInvis .    a - +0 spear
rCold   . . .      Faith    .    (no shield)
rNeg    . . .      Spirit   .    (body armour unavailable)
rPois   .          Reflect  .    (helmet restricted)
rElec   .          Harm     .    (no cloak)
rCorr   .          Rampage  .    (no gloves)
Will    .....                    (no boots)
Stlth   +.........               (no amulet)
HPRegen 0.07/turn                (no ring)
MPRegen 0.09/turn                (no ring)

@: heavily drained
A: AC +4, unfitting armour, cold-blooded
a: Renounce Religion


You were on level 1 of the Dungeon.
You worshipped Wu Jian.
Wu Jian was aware of your devotion.
You visited 1 branch of the dungeon, and saw 1 of its levels.

You collected 23 gold pieces.

Inventory:

Hand Weapons
 a - a +0 spear (weapon)
Jewellery
 c - a +6 ring of intelligence
Scrolls
 d - a scroll of fear {unknown}
 e - a scroll of identify {unknown}
Potions
 b - a potion of degeneration {unknown}


   Skills:
 + Level 2.4 Fighting
 + Level 3.1 Polearms
 + Level 2.0 Dodging
 + Level 2.1 Spellcasting
 + Level 3.1 Conjurations


You had 4 spell levels left.
You knew the following spells:

 Your Spells              Type           Power      Damage    Failure   Level
a - Kiss of Death         Conj/Necr      20%        2d7       13%         1

Your spell library contained the following spells:

 Spells                   Type           Power      Damage    Failure   Level
 Momentum Strike          Conj/Tloc      10%        3d8       21%         2
 Hailstorm                Conj/Ice       5%         3d4       36%         3


Dungeon Overview and Level Annotations

Branches:
Dungeon (1/15)

Altars:
Wu Jian


Innate Abilities, Weirdness & Mutations

Your plain brown scales are hard. (AC +4)
You cannot fit into any form of body armour.
You are cold-blooded and may be slowed by cold attacks.


Message History

You kill the endoplasm!
The Council accepts your kill.
Your Dodging skill increases to level 2!
You hit the goblin.
The goblin is severely wounded.
The goblin barely misses you.
You hit the goblin.
You kill the goblin!
The Council accepts your kill. The hobgoblin barely misses you.
You barely miss the hobgoblin.
You feel yourself speed up. The hobgoblin closely misses you.
You closely miss the hobgoblin. The hobgoblin barely misses you.
You closely miss the hobgoblin.
The hobgoblin hits you but does no damage.
You closely miss the hobgoblin.
Your tail-slap misses the hobgoblin.
The hobgoblin hits you.
You hit the hobgoblin but do no damage. The hobgoblin barely misses you.
You barely miss the hobgoblin.
The hobgoblin hits you but does no damage.
You hit the hobgoblin.
Your tail-slap misses the hobgoblin.
The hobgoblin is severely wounded.
The hobgoblin hits you but does no damage.
You closely miss the hobgoblin.
The hobgoblin is severely wounded.
The hobgoblin hits you.
* * * LOW HITPOINT WARNING * * *
You hit the hobgoblin.
Your tail-slap misses the hobgoblin.
The hobgoblin is almost dead.
The hobgoblin closely misses you.
You hit the hobgoblin but do no damage.
The hobgoblin is almost dead.
The hobgoblin hits you.
* * * LOW HITPOINT WARNING * * *
You hit the hobgoblin but do no damage.
You tail-slap the hobgoblin, but do no damage.
The hobgoblin is almost dead.
The hobgoblin hits you.
You die...

#.#...# #.......♣≈~~~~~♣♣
#.#...###.......♣≈~~~~~♣♣
####.#........###..♣♣~~~~~≈♣
###........###..# ###♣≈~~<~~♣♣
PP#.##.#..## #..## ..♣♣~~~~~♣
.P#.##.#..####...##.#♣≈~~~~~♣
~P#..................♣♣~~~~~♣
P~~..##.............# ≈~~~~~≈♣
.P#.###.########@##.#~~♣≈♣♣♣~~#
..#.# #.# #g# ..~♣♣♣ ~... #.#.#
#.# #.# #### #### ###.# #.# ..#
# ### #.# #.. # #.# #..
#######.####.# #..
........).........#
#######.####...


You could see a hobgoblin.

Vanquished Creatures
  2 endoplasms (D:1)
  A giant cockroach (D:1)
  A goblin (D:1)
  2 hobgoblins (D:1)
  A quokka (D:1)
  A bat (D:1)
  2 kobolds (D:1)
  A rat (D:1)
11 creatures vanquished.

Notes
Turn   | Place    | Note
-------+----------+-------------------------------------------
     0 | D:1      | Malachi the Draconian Reaver began the quest for the Orb.
     0 | D:1      | Reached XP level 1. HP: 17/17 MP: 3/3
   197 | D:1      | Reached XP level 2. HP: 11/21 MP: 5/5
   379 | D:1      | Found a faded altar of an unknown god.
   448 | D:1      | Prayed at the altar of an unknown god.
   448 | D:1      | Became a worshipper of the Wu Jian Council
   448 | D:1      | Reached * piety under Wu Jian
   493 | D:1      | Slain by a hobgoblin

Illustrated notes

Levels and vault maps discovered:
D:1:      reono_arrival_forest_river, layout_loops_ring,
          shapermc_ecumenical_altar_hornbeckon, minmay_misc_feat_four_crosses

Skill      XL: |  1  2 |
---------------+-------+-----
Dodging        | 2 |  2.0
Fighting       | |  2.4
Polearms       | |  3.1
Spellcasting   | |  2.1
Conjurations   | |  3.1

Action                   || total
-------------------------++-------
Melee: Spear             ||    52
       Tailslap          ||     2
 Cast: Kiss of Death     ||     2
 Stab: Sleeping          ||     1
Armor: Skin              ||    13
Dodge: Dodged            ||    21

Table legend: (Time is in decaauts)
 A = Elapsed time spent in this place.
 B = Non-inter-level travel time spent in this place.
 C = Inter-level travel time spent in this place.
 D = Time resting spent in this place.
 E = Time spent auto-exploring this place.
 F = Levels seen in this place.
 G = Mean time per level.
                   A        B        C        D        E       F      G
               +--------+--------+--------+--------+--------+-----+--------+
         Total |    514 |    480 |     34 |      0 |    373 |   1 |  514.0 |
       Dungeon |    514 |    480 |     34 |      0 |    373 |   1 |  514.0 |
               +--------+--------+--------+--------+--------+-----+--------+

Top non-repeatable levels by time:
     D:1: 514 daAuts
